 Dungeon Crawl Stone Soup version 0.22.0 (webtiles) character file.

6319 Gergoth the Thaumaturge (level 10, -2/59 HPs)
             Began as a Deep Elf Fire Elementalist on Aug 10, 2018.
             Was an Elder of Vehumet.
             Slain by a sixfirhy (10 damage)
             ... summoned by a kobold demonologist
             ... on level 8 of the Dungeon.
             The game lasted 00:24:15 (9213 turns).

Gergoth the Thaumaturge (DEFE)                      Turns: 9213, Time: 00:24:16

Health: -2/59      AC:  2    Str:  6    XL:     10   Next: 64%
Magic:  4/26       EV: 17    Int: 23    God:    Vehumet [****..]
Gold:   372        SH:  0    Dex: 15    Spells: 16/29 levels left

rFire    . . .     SeeInvis .   (no weapon)
rCold    + . .     Gourm    .   (no shield)
rNeg     . . .     Faith    .   a - +0 robe
rPois    .         Spirit   .   (no helmet)
rElec    .         Reflect  .   (no cloak)
rCorr    .         Harm     .   (no gloves)
MR       +....                  (no boots)
Stlth    ++........             (no amulet)
HPRegen  0.19/turn              d - ring of protection from cold
MPRegen  0.20/turn              (no ring)

@: very slightly contaminated
A: no striking features
a: Renounce Religion


You were on level 8 of the Dungeon.
You worshipped Vehumet.
Vehumet was greatly pleased with you.
You were very hungry.

You visited 3 branches of the dungeon, and saw 11 of its levels.

You collected 372 gold pieces.

Inventory:

Hand Weapons
 k - a +1 dagger of holy wrath
 D - a +0 vampiric falchion
Missiles
 y - a throwing net (quivered)
Armour
 a - a +0 robe (worn)
 C - a +0 robe of positive energy
Jewellery
 b - an uncursed ring of stealth {unknown}
 d - a ring of protection from cold (left hand)
 q - an uncursed ring of flight {unknown}
 B - an uncursed ring of positive energy {unknown}
Wands
 p - a wand of acid (13)
 v - a wand of flame (23)
 A - a wand of enslavement (11)
Scrolls
 e - a scroll of fear {unknown}
 f - 5 scrolls of remove curse {unknown}
 g - a scroll of enchant armour {unknown}
 i - 2 scrolls of fog {unknown}
 l - 3 scrolls of teleportation {unknown}
 m - 4 scrolls of magic mapping {unknown}
 n - 9 scrolls of identify {unknown}
 s - a scroll of amnesia {unknown}
 u - 2 scrolls of blinking {unknown}
 z - a scroll of silence {unknown}
Potions
 h - a potion of experience {unknown}
 j - a potion of lignification {unknown}
 o - a potion of haste {unknown}
 r - 3 potions of cancellation {unknown}
 t - 2 potions of agility {unknown}
 w - a potion of ambrosia {unknown}
 E - a potion of brilliance {unknown}
Comestibles
 c - 12 rations


   Skills:
 + Level 5.0 Fighting
 + Level 5.0 Armour
 + Level 7.7 Dodging
 - Level 2.4 Stealth
 - Level 10.0 Spellcasting
 - Level 8.0 Conjurations
 - Level 8.0 Fire Magic


You had 16 spell levels left.
You knew the following spells:

 Your Spells              Type           Power        Failure   Level  Hunger
a - Flame Tongue          Conj/Fire      #####        1%          1    None
b - Conjure Flame         Conj/Fire      #####...     1%          3    None
c - Sticky Flame          Conj/Fire      #####...     1%          4    #......
d - Fireball              Conj/Fire      #####.....   1%          5    ####...

Your spell library contained the following spells:

 Spells                   Type           Power        Failure   Level  Hunger
 Cause Fear               Hex            ##........   50%         4    #......
 Slow                     Hex            ##......     9%          2    None
 Throw Flame              Conj/Fire      #####.       1%          2    None
 Corona                   Hex            ##.....      5%          1    None
 Portal Projectile        Hex/Tloc       ##....       17%         3    None
 Leda's Liquefaction      Hex/Erth       ##........   50%         4    #......
 Inner Flame              Hex/Fire       ####....     1%          3    None


Dungeon Overview and Level Annotations

Branches:
Dungeon (9/15)             Temple (1/1) D:7            Lair (1/6) D:9
    Orc: D:9-12

Altars:
Ashenzari
Cheibriados
Gozag
Hepliaklqana
Kikubaaqudgha
Okawaru
Ru
Vehumet
Wu Jian
Xom

Shops:
D:9 :

Annotations:
D:8 1 transporter


Message History

Aiming: Fireball (safe; 1% risk of failure)
Press: ? - help, Shift-Dir - straight line The fireball explodes!
The fireball engulfs the kobold demonologist.
The kobold demonologist is heavily wounded.
The fireball engulfs the shadow imp.
You kill the shadow imp!
You hear a shout! x2
The big kobold burns!
You kill the big kobold!
Vehumet accepts your kill.
You feel your power returning.
Your Fighting skill increases to level 5!
The big kobold throws a stone.
The stone barely misses you.
The kobold demonologist gestures wildly while chanting.
The sixfirhy hits you. The sixfirhy shocks you! The sixfirhy hits you!
The sixfirhy shocks you! The sixfirhy hits you!
* * * LOW HITPOINT WARNING * * *
The sixfirhy shocks you!
You die...

######## #......# ## #.####K#
[### #.# ##.## ########## ...#
#.###...####........# '###
#..#>.#......######.# )..#
#..#@...######≈§§#### #.##
#..#3#.## ##..#§§.## ...# #
#K.#.#.# ##≈..≈§≈#≈# #.## #)
#K.#K#.# #≈#.#≈#...#
'..####K#####...5#.# #.#.≈≈...^#
#..##..KK..#.......####≈.......≈#
#### #.(#..........#≈###.##.≈. .
#..(.......####.###≈#..≈§
.###.....(.....#####.≈#.≈.≈⌠


You could see a kobold demonologist, a sixfirhy, a big kobold and a white imp.

Vanquished Creatures
  7 blink frogs (Lair:1)
  A hippogriff (Lair:1)
  A wyvern (D:9)
  A human (D:8)
  2 porcupines (D:9)
  2 orc warriors (D:6)
  2 ice beasts
  3 sky beasts
  2 necrophages
  3 black bears
  4 ogres
  A centaur (D:8)
  2 crocodiles (D:9)
  9 big kobolds
  3 bullfrogs
  A wyvern zombie (D:7)
  A water moccasin skeleton (D:6)
  4 scorpions
  3 wights (D:7)
  A howler monkey (D:6)
  A bullfrog zombie (D:7)
  A centaur zombie (D:7)
  2 bullfrog skeletons
  9 hounds
  3 jellies
  3 orc priests
  5 iguanas
  9 orc wizards
  4 worker ants
  A hound zombie (D:7)
  2 worker ant zombies
  2 gnolls
  13 adders
  5 shadow imps
  An ooze (D:5)
  2 adder skeletons
  A worm (D:3)
  A dart slug (D:1)
  2 leopard geckos
  27 orcs
  A ball python (D:1)
  6 giant cockroaches
  9 goblins
  15 hobgoblins
  14 jackals
  12 kobolds
  8 bats
  13 frilled lizards
  2 jackal skeletons
  A leopard gecko skeleton (D:7)
  6 rats
  A plant (D:9)
235 creatures vanquished.

Vanquished Creatures (others)
  38 fungi (D:9)
  17 plants (D:9)
55 creatures vanquished.

Grand Total: 290 creatures vanquished

Notes
Turn   | Place    | Note
-------+----------+-------------------------------------------
     0 | D:1      | Gergoth the Deep Elf Fire Elementalist began the quest for the Orb.
     0 | D:1      | Reached XP level 1. HP: 10/10 MP: 6/6
   123 | D:1      | Reached XP level 2. HP: 15/15 MP: 4/8
   419 | D:1      | Reached XP level 3. HP: 19/19 MP: 3/10
   776 | D:2      | Learned a level 3 spell: Conjure Flame
  1017 | D:2      | Reached skill level 4 in Spellcasting
  1108 | D:2      | Found an opulent altar of Gozag.
  1118 | D:2      | Reached XP level 4. HP: 24/24 MP: 4/12
  1671 | D:2      | Learned a level 4 spell: Sticky Flame
  1712 | D:3      | Found a faded altar of an unknown god.
  1804 | D:3      | Became a worshipper of Vehumet
  1804 | D:3      | Reached * piety under Vehumet
  1804 | D:3      | Offered knowledge of Shock by Vehumet.
  1823 | D:3      | Reached XP level 5. HP: 14/28 MP: 3/14
  2054 | D:2      | Learned a level 5 spell: Fireball
  2057 | D:3      | Reached skill level 5 in Spellcasting
  2348 | D:3      | Found an ornate altar of the Wu Jian Council.
  2429 | D:3      | Reached skill level 5 in Fire Magic
  2432 | D:3      | Reached XP level 6. HP: 32/32 MP: 0/16
  2989 | D:4      | Offered knowledge of Sting by Vehumet.
  3209 | D:4      | Reached ** piety under Vehumet
  3209 | D:4      | Reached skill level 6 in Spellcasting
  3575 | D:5      | Entered Level 5 of the Dungeon
  3594 | D:5      | Found a radiant altar of Vehumet.
  3618 | D:5      | Reached XP level 7. HP: 28/36 MP: 7/18
  3727 | D:5      | Reached skill level 5 in Conjurations
  3793 | D:5      | Found a shattered altar of Ashenzari.
  3910 | D:6      | Reached skill level 7 in Spellcasting
  4198 | D:6      | Found an iron altar of Okawaru.
  4266 | D:6      | Reached XP level 8. HP: 40/41 MP: 6/21
  4413 | D:6      | Offered knowledge of Static Discharge by Vehumet.
  5115 | D:6      | Reached skill level 8 in Spellcasting
  5517 | D:7      | Reached *** piety under Vehumet
  5617 | D:7      | Found a staircase to the Ecumenical Temple.
  5716 | Temple   | Entered the Ecumenical Temple
  5925 | D:7      | Reached skill level 9 in Spellcasting
  6077 | D:7      | Offered knowledge of Ignite Poison by Vehumet.
  6258 | D:7      | Reached XP level 9. HP: 45/45 MP: 15/24
  6557 | D:8      | Found a flagged portal.
  6683 | D:8      | Found an ancient bone altar of Kikubaaqudgha.
  6716 | D:8      | Reached skill level 10 in Spellcasting
  6780 | D:8      | Reached skill level 1 in Fighting
  6780 | D:8      | Reached skill level 1 in Armour
  6945 | D:8      | Found a shimmering altar of Xom.
  7090 | D:8      | Found a transporter.
  7421 | D:8      | Found a hazy altar of Hepliaklqana.
  7558 | D:8      | Reached **** piety under Vehumet
  7561 | D:8      | Reached skill level 5 in Dodging
  7570 | D:8      | Noticed a kobold demonologist
  7864 | D:9      | Offered knowledge of Olgreb's Toxic Radiance by Vehumet.
  7958 | D:9      | Reached XP level 10. HP: 56/56 MP: 13/26
  8426 | D:9      | Found Zient's Book Boutique.
  8491 | D:9      | Found a staircase to the Lair.
  8627 | Lair:1   | Entered Level 1 of the Lair of Beasts
  8975 | Lair:1   | Reached skill level 5 in Armour
  9212 | D:8      | Reached skill level 5 in Fighting
  9213 | D:8      | Noticed a sixfirhy
  9213 | D:8      | Slain by a sixfirhy

Skill      XL: |  1  2  3  4  5  6  7  8  9 10 |
---------------+-------------------------------+-----
Conjurations   | 2 3 4 6 7 8 |  8.0
Spellcasting   | 4 5 6 7 9 10 | 10.0
Fire Magic     | 4 5 6 8 |  8.0
Fighting       | 3 5 |  5.0
Armour         | 3 5 |  5.0
Dodging        | 5 7 |  7.7
Stealth        | |  2.4

Action                   |  1- 3 |  4- 6 |  7- 9 | 10-12 || total
-------------------------+-------+-------+-------+-------++-------
Melee: Unarmed           |     2 |       |    12 |     2 ||    16
 Cast: Flame Tongue      |    69 |   111 |   232 |    49 ||   461
       Conjure Flame     |     2 |     7 |    13 |     5 ||    27
       Sticky Flame      |       |     1 |    28 |    14 ||    43
       Fireball          |       |       |    15 |    11 ||    26
  Eat: Chunk             |     1 |     7 |    11 |     5 ||    24
       Ration            |       |       |     2 |       ||     2
Armor: Robe              |     6 |     1 |     5 |     2 ||    14
Dodge: Dodged            |    26 |     8 |    60 |    17 ||   111
